 Dungeon Crawl Stone Soup version 0.28.0-45-g0d030f2227 (webtiles) character file.

Game seed: 10029120641455720723

327 Cykl0x the Digger (level 6, -8/33 HPs)
             Began as a Gargoyle Earth Elementalist on Apr 8, 2022.
             Killed from afar by Dowan (14 damage)
             ... with a stone arrow
             ... on level 4 of the Dungeon.
             The game lasted 00:06:44 (4337 turns).

Cykl0x the Digger (Gargoyle Earth Elementalist)     Turns: 4337, Time: 00:06:45

Health: -8/33      AC:  7    Str: 11    XL:     6   Next: 50%
Magic:  0/11       EV: 12    Int: 18    God:
Gold:   124        SH:  0    Dex: 10    Spells: 8/12 levels left

rFire   . . .      SeeInvis .   l - +0 mace
rCold   . . .      Faith    .   (no shield)
rNeg    + . .      Spirit   .   b - +0 robe
rPois   ∞          Reflect  .   (no helmet)
rElec   +          Harm     .   e - scarf {+Inv}
rCorr   +          Rampage  .   (no gloves)
Will    .....                   k - +0 pair of boots
Stlth   +.........              (no amulet)
HPRegen 0.11/turn               j - ring of resist corrosion
MPRegen 0.12/turn               (no ring)

@: lit by a corona, glowing, studying Ice Magic
A: sickness immunity, AC +4, negative energy resistance 1, electricity
resistance, torment resistance 1, petrification resistance
a: Evoke Invisibility


You were on level 4 of the Dungeon.
You visited 1 branch of the dungeon, and saw 4 of its levels.

You collected 124 gold pieces.

Inventory:

Hand Weapons
 d - a +0 club
 l - a +0 mace (weapon)
Missiles
 c - 22 stones
 s - a throwing net
Armour
 b - a +0 robe (worn)
 e - a scarf of invisibility (worn)
 k - a +0 pair of boots (worn)
Jewellery
 j - a ring of resist corrosion (left hand)
Wands
 w - a wand of flame (18)
Scrolls
 a - a scroll of magic mapping {unknown}
 m - a scroll of identify
 p - a scroll of teleportation
 q - a scroll of vulnerability {unknown}
 v - a scroll of fog {unknown}
Potions
 f - 2 potions of resistance
 g - a potion of haste
 h - a potion of attraction
 i - a potion of berserk rage {unknown}
 n - a potion of heal wounds {unknown}
 o - 3 potions of curing
 r - a potion of might {unknown}
 t - a potion of degeneration {unknown}
 u - 2 potions of brilliance {unknown}


   Skills:
 + Level 0.8 Fighting
 + Level 0.9 Maces & Flails
 + Level 1.8 Dodging
 - Level 2.1 Stealth
 + Level 3.6 Spellcasting
 * Level 2.9 Conjurations
 - Level 0.7 Transmutations
 + Level 5.5 Earth Magic
 * Level 1.4 Evocations


You had 8 spell levels left.
You knew the following spells:

 Your Spells              Type           Power      Damage    Failure   Level
a - Sandblast             Erth           46%        2d11      1%          1
b - Stone Arrow           Conj/Erth      36%        3d9       8%          3

Your spell library contained the following spells:

 Spells                   Type           Power      Damage    Failure   Level
 Passwall                 Tmut/Erth      11%        N/A       6%          2
 Ensorcelled Hibernation  Hex/Ice        6%         N/A       24%         2
 Petrify                  Tmut/Erth      14%        N/A       38%         4
 Swiftness                Air            3%         N/A       43%         3


Dungeon Overview and Level Annotations

Branches:
Dungeon (4/15)
 Temple: D:4-7

Altars:

Annotations:
D:4 Dowan, Sigmund


Innate Abilities, Weirdness & Mutations

You are immune to sickness and miasma.
Your stone body is resilient. (AC +4)
You are immune to poison.
You resist negative energy. (rN+)
You are resistant to electric shocks. (rElec)
You are resistant to unholy torment.
You are immune to petrification.


Message History

Dowan casts a spell.
Dowan blinks!
It was a potion of curing.
You feel better.
You feel better.
Dowan hits you with a +0 dagger of protection.
Dowan gestures wildly while chanting.
Dowan blinks!
Casting: Sandblast (safe; 1% risk of failure)
Confirm with . or Enter, or press ? or * to list all spells.
You can't see any susceptible monsters within range! (Use Z to cast anyway.) Dowan says, "Magic will overcome all!"
Casting: Sandblast (safe; 1% risk of failure)
Confirm with . or Enter, or press ? or * to list all spells.
Aiming: Sandblast (safe; 1% risk of failure)
Press: ? - help, Shift-Dir - straight line, f/p - Dowan
Aim: Dowan, wielding a +0 dagger of protection and wearing a +0 robe (fast, 73% to hit)
The blast of sand hits Dowan but does no damage.
Dowan mumbles some strange words.
Dowan blinks!
Dowan gestures wildly while chanting.
Dowan blinks!
Dowan closely misses you.
Your magical contamination has completely faded away.
Okay, then.
Okay, then.
Okay, then.
You closely miss Dowan.
Dowan casts a spell.
Dowan blinks!
Dowan hits you but does no damage.
The blast of sand misses Dowan.
Dowan hits you but does no damage.
You miss Dowan. Dowan closely misses you. Dowan gestures at you while chanting.
The stone arrow hits you!
* * * LOW HITPOINT WARNING * * *
You hit Dowan but do no damage.
Dowan hits you with a +0 dagger of protection.
* * * LOW HITPOINT WARNING * * *
Dowan casts a spell at you. The stone arrow hits you!
You die...

####.#.#..........#<..........
#..............#...........
#####..........#...........
#..........#...........
#..........#...........
##....##.####.####..###
##....##.####.####..#
#........#..........##
#....e@..#............
#......).#............
######...##.####.......
##...##.####......
#..............## .
#..............# .
#..............#
#.####....##...### ##
##.####....##...####(#


You could see Dowan (fast).

Vanquished Creatures
  Duvessa (D:4)
  A scorpion (D:3)
  An orc priest (D:3)
  An orc wizard (D:4)
  5 adders
  A white imp (D:3)
  A dart slug (D:4)
  5 orcs
  2 endoplasms
  4 giant cockroaches
  9 goblins
  4 hobgoblins
  10 kobolds
  2 quokkas (D:1)
  5 ball pythons
  3 bats
  5 frilled lizards
  3 rats
63 creatures vanquished.

Notes
Turn   | Place    | Note
-------+----------+-------------------------------------------
     0 | D:1      | Cykl0x the Gargoyle Earth Elementalist began the quest for
                  | the Orb.
     0 | D:1      | Reached XP level 1. HP: 10/10 MP: 3/3
   109 | D:1      | Reached XP level 2. HP: 10/16 MP: 0/5
   265 | D:1      | Reached skill level 1 in Conjurations
   499 | D:1      | Reached skill level 4 in Earth Magic
  1301 | D:2      | Reached XP level 3. HP: 18/20 MP: 1/6
  1305 | D:2      | Learned a level 3 spell: Stone Arrow
  2018 | D:2      | Found a faded altar of an unknown god.
  2609 | D:3      | Reached XP level 4. HP: 24/24 MP: 3/7
  3089 | D:3      | Reached XP level 5. HP: 28/28 MP: 6/9
  3855 | D:4      | Noticed Sigmund
  3865 | D:3      | Reached skill level 5 in Earth Magic
  3865 | D:3      | Reached skill level 1 in Evocations
  3959 | D:4      | Noticed Duvessa
  3962 | D:4      | Noticed Dowan
  4236 | D:4      | Reached XP level 6. HP: 33/33 MP: 9/11
  4323 | D:4      | Killed Duvessa
  4337 | D:4      | Killed from afar by Dowan

Illustrated notes

Levels and vault maps discovered:
D:1:      heliophobic_arrival_henge, layout_basic, minivault_4
D:2:      layout_basic, shapermc_ecumenical_altar_ellora, grunt_decor_cap
D:3:      layout_loops_cross
D:4:      layout_gridville, st_stairs_6, minmay_manual_mail, uniq_sigmund,
          uniq_crazy_yiuf_cottage, uniq_duvessa

Skill      XL: |  1  2  3  4  5 |
---------------+----------------+-----
Conjurations   | 1 2 |  2.9
Earth Magic    | 4 5 |  5.5
Spellcasting   | 3 |  3.6
Evocations     | 1 |  1.4
Fighting       | |  0.8
Maces & Flails | |  0.9
Dodging        | |  1.8
Stealth        | |  2.1
Transmutations | |  0.7

Action                   |  1- 3 |  4- 6 || total
-------------------------+-------+-------++-------
Melee: Club              |    17 |    25 ||    42
       Mace              |       |     6 ||     6
 Cast: Sandblast         |    33 |    35 ||    68
       Stone Arrow       |    11 |    17 ||    28
  Use: Scroll            |     6 |     1 ||     7
       Potion            |       |     3 ||     3
Armor: Robe              |     5 |    21 ||    26
Dodge: Dodged            |    15 |    31 ||    46
